 Dungeon Crawl Stone Soup version 0.31-a0-263-ge8cad7f256 (webtiles) character file.

Game seed: 1566596898915325997

309 qw the Shooter (level 6, -3/51 HPs)
             Began as a Minotaur Hexslinger on July 13, 2023.
             Slain by an orc
             ... wielding a +0 morningstar
              (4 damage)
             ... on level 4 of the Dungeon.
             The game lasted 00:01:02 (2462 turns).

qw the Shooter (Minotaur Hexslinger)                Turns: 2462, Time: 00:01:02

Health: -3/51      AC:  5    Str: 12    XL:     6   Next: 17%
Magic:  6/6        EV: 11    Int: 10    God:
Gold:   39         SH:  0    Dex: 15    Spells: 6/7 levels left

rFire   . . .        Y - +2 sling
rCold   . . .        (no shield)
rNeg    . . .        l - +0 ring mail
rPois   .            (helmet restricted)
rElec   .            (no cloak)
rCorr   .            (no gloves)
SInv    .            (no boots)
Will    .....        (no amulet)
Stlth   +            (no ring)
HPRegen 0.28/turn    (no ring)
MPRegen 0.10/turn

%: no passive effects
@: no status effects
A: horns 2, retaliatory headbutt
a: no special abilities


You were on level 4 of the Dungeon.
You visited 1 branch of the dungeon, and saw 4 of its levels.

You collected 194 gold pieces.
You spent 155 gold pieces at shops.


Innate Abilities, Weirdness & Mutations

You have a pair of horns on your head.
You reflexively headbutt those who attack you in melee.


   Skills:
 + Level 3.6 Fighting
 - Level 6.3 Ranged Weapons
 - Level 1.0 Armour
 - Level 2.1 Dodging
 - Level 1.0 Spellcasting
 - Level 2.0 Hexes


You had 6 spell levels left.
You knew the following spells:

 Your Spells              Type           Power      Damage    Failure   Level
a - Slow                  Hex            16%        N/A       34%         1

Your spell library contained the following spells:

 Spells                   Type           Power      Damage    Failure   Level
 Inner Flame              Hex/Fire       2%         N/A       83%         3
 Portal Projectile        Hex/Tloc       4%         N/A       83%         3
 Cause Fear               Hex            2%         N/A       98%         4

Inventory:

Hand Weapons
 Y - a +2 sling (weapon)
Armour
 l - a +0 ring mail (worn)
Jewellery
 e - a ring of fire
 g - a ring of ice
Scrolls
 b - a scroll of enchant armour
 k - a scroll of identify
Potions
 a - a potion of ambrosia {unknown}
 f - a potion of curing
 i - a potion of mutation {unknown}
 j - a potion of enlightenment {unknown}

Dungeon Overview and Level Annotations

Branches:
Dungeon (4/15)
 Temple: D:4-7

Altars:
Wu Jian

Shops:
D:4 ?(*


Message History

You shoot a sling bullet. The sling bullet hits the phantom.
You destroy the phantom!
The orc hits you with a +0 club. The orc misses you.
Your Ranged Weapons skill increases to level 6!
You have reached level 6!
You shoot a sling bullet. The sling bullet hits the orc.
The orc is heavily wounded.
The orc hits you with a +4 dagger.
You shoot a sling bullet. The sling bullet hits the orc.
The orc is almost dead.
The orc closely misses you. You furiously retaliate!
You headbutt the orc! You shoot a sling bullet. The sling bullet hits the orc!
You kill the orc!
The orc barely misses you. x2; The orc completely misses you.
The orc hits you with a +0 club. The orc hits you with a +0 morningstar!
The orc barely misses you.
You shoot a sling bullet.
The sling bullet closely misses the orc.
The orc closely misses you. The orc hits you with a +0 hand axe.
The orc closely misses you. The orc barely misses you. You furiously retaliate!
You headbutt the orc.
You kill the orc!
You shoot a sling bullet.
The sling bullet closely misses the orc.
The orc closely misses you. The orc completely misses you.
You furiously retaliate!
You headbutt the orc!
You kill the orc!
The orc completely misses you.
You shoot a sling bullet. The sling bullet hits the orc.
The orc is severely wounded.
The orc barely misses you. The orc hits you with a +0 club.
You shoot a sling bullet. The sling bullet hits the orc.
You kill the orc!
The orc hits you with a +0 morningstar. x2
You shoot a sling bullet.
The sling bullet hits the orc but does no damage.
The orc closely misses you.
You shoot a sling bullet. The sling bullet barely misses the orc.
The orc hits you with a +0 morningstar.
You die...

.. #### #.#
.... .. ##
#..... ...
#.!#' ..#
#..' '.
#..#'#..#
#)@)...#
##)o...#
#....##
#.)..# .###
##....# .?.
###..)..#
...
....?.).##
..#
......)..#
# #.#
###.....#.#


You could see an orc.

Vanquished Creatures
  A phantom (D:4)
  A scorpion (D:4)
  A hound (D:4)
  An iguana (D:3)
  3 adders
  A worm (D:2)
  A dart slug (D:4)
  10 orcs
  6 bats
  4 endoplasms
  A giant cockroach (D:1)
  11 goblins
  4 hobgoblins
  6 jackals (D:4)
  9 kobolds
  3 quokkas
  4 ball pythons
  2 frilled lizards
  2 rats
71 creatures vanquished.

Notes
Turn   | Place    | Note
-------+----------+-------------------------------------------
     0 | D:1      | qw the Minotaur Hexslinger began the quest for the Orb.
     0 | D:1      | Reached XP level 1. HP: 16/16 MP: 1/1
     0 | D:1      | 0 ||| qw: Version: 0.3-a-52-g30416fa
     0 | D:1      | 0 ||| qw: Game counter: 7515
     0 | D:1      | 0 ||| qw: Melee chars always use a shield: true
     0 | D:1      | 0 ||| qw: God list: Okawaru
     0 | D:1      | 0 ||| qw: Allow faded altars: false
     0 | D:1      | 0 ||| qw: Do Orc after clearing Dungeon:15 true
     0 | D:1      | 0 ||| qw: Do second Lair branch before Depths: true
     0 | D:1      | 0 ||| qw: Lair rune preference: random
     0 | D:1      | 0 ||| qw: Goals: Normal
     0 | D:1      | 0 ||| PLANNING D:1-11
   142 | D:1      | Reached skill level 3 in Ranged Weapons
   142 | D:1      | Reached XP level 2. HP: 20/23 MP: 2/2
   429 | D:1      | 429 ||| DRINKING 2 metallic inky potions.
   430 | D:1      | 430 ||| DROPPING scroll of poison.
   666 | D:2      | Reached XP level 3. HP: 27/29 MP: 3/3
   703 | D:2      | 703 ||| FLEEEEING.
   794 | D:2      | Reached skill level 4 in Ranged Weapons
  1174 | D:2      | Found a faded altar of an unknown god.
  1228 | D:2      | 1228 ||| UPGRADING to +0 ring mail.
  1238 | D:2      | 1238 ||| DROPPING +0 robe.
  1239 | D:2      | 1239 ||| READING scroll labelled OTILUU KANETWAF.
  1240 | D:2      | 1240 ||| READING 2 scrolls labelled QUOXTE ANIUMN.
  1241 | D:2      | 1241 ||| READING scroll labelled BURIRA QEKU.
  1242 | D:2      | 1242 ||| DROPPING scroll of blinking.
  1271 | D:3      | Identified the +0 dagger "Imustrinna" {vamp, *Slow rPois
                  | Dex+6}
  1738 | D:3      | Reached skill level 1 in Armour
  1738 | D:3      | Reached XP level 4. HP: 36/36 MP: 4/4
  1867 | D:3      | Found an ornate altar of the Wu Jian Council.
  1964 | D:3      | You fall into a shaft and drop 1 floor!
  1987 | D:4      | 1987 ||| READING scroll labelled NUAGIX OFYH.
  1990 | D:4      | Found Vufeom's Magic Scroll Emporium.
  1991 | D:4      | 1991 ||| DRINKING 2 viscous orange potions.
  1992 | D:4      | 1992 ||| DROPPING potion of degeneration.
  1999 | D:4      | 1999 ||| FLEEEEING.
  2000 | D:4      | 2000 ||| STAIRDANCE
  2111 | D:4      | 2111 ||| BUYING scroll of enchant weapon (75 gold).
  2111 | D:4      | Bought a scroll of enchant weapon for 75 gold pieces
  2111 | D:4      | 2111 ||| BUYING scroll of identify (20 gold).
  2111 | D:4      | Bought a scroll of identify for 20 gold pieces
  2111 | D:4      | 2111 ||| BUYING scroll of identify (20 gold).
  2111 | D:4      | Bought a scroll of identify for 20 gold pieces
  2111 | D:4      | 2111 ||| BUYING scroll of identify (20 gold).
  2111 | D:4      | Bought a scroll of identify for 20 gold pieces
  2111 | D:4      | 2111 ||| BUYING scroll of identify (20 gold).
  2111 | D:4      | Bought a scroll of identify for 20 gold pieces
  2111 | D:4      | 2111 ||| READING scroll of enchant weapon.
  2111 | D:4      | 2111 ||| ENCHANTING +1 sling.
  2139 | D:4      | 2139 ||| FLEEEEING.
  2140 | D:4      | 2140 ||| STAIRDANCE
  2156 | D:3      | 2156 ||| READING scroll labelled VUX UFAHYS.
  2157 | D:3      | 2157 ||| READING 4 scrolls of identify.
  2157 | D:3      | 2157 ||| IDENTIFYING fuming golden potion
  2158 | D:3      | 2158 ||| READING 3 scrolls of identify.
  2158 | D:3      | 2158 ||| IDENTIFYING smoky emerald potion
  2159 | D:3      | 2159 ||| READING 2 scrolls of identify.
  2159 | D:3      | 2159 ||| IDENTIFYING fuming orange potion
  2160 | D:3      | 2160 ||| DROPPING potion of invisibility.
  2161 | D:3      | 2161 ||| DROPPING potion of lignification.
  2162 | D:3      | 2162 ||| DROPPING potion of brilliance.
  2165 | D:4      | 2165 ||| STAIRDANCE
  2170 | D:3      | Reached skill level 5 in Ranged Weapons
  2226 | D:4      | Noticed a scorpion
  2233 | D:4      | Killed a scorpion
  2234 | D:4      | Reached skill level 3 in Fighting
  2234 | D:4      | Reached XP level 5. HP: 18/45 MP: 5/5
  2234 | D:4      | 2234 ||| FLEEEEING.
  2241 | D:4      | 2241 ||| STAIRDANCE
  2352 | D:3      | 2352 ||| READING scroll labelled WOLYIM RUXAN.
  2364 | D:4      | Found Kueq's Weapon Shop.
  2381 | D:4      | Found Yxzippaw's General Store.
  2385 | D:4      | 2385 ||| SHOPLISTING +1 arbalest of electrocution (218
                  | gold, have 39).
  2396 | D:4      | 2396 ||| SHOPLISTING amulet of regeneration (300 gold, have
                  | 39).
  2437 | D:4      | Noticed a phantom
  2453 | D:4      | Killed a phantom
  2454 | D:4      | Reached skill level 6 in Ranged Weapons
  2454 | D:4      | Reached XP level 6. HP: 29/51 MP: 6/6
  2457 | D:4      | HP: 10/51 [orc/+0 hand axe (5)]
  2460 | D:4      | HP: 1/51 [orc/+0 morningstar (4)]
  2462 | D:4      | Slain by an orc

Levels and vault maps discovered:
D:1:      onia_arrival_mini_spirals, layout_basic, serial_bayou_pond_b
D:2:      layout_basic, shapermc_ecumenical_altar_hornbeckon,
          minmay_pentomino_q2
D:3:      layout_loops_corners, nzn_wu_jian_council_hall, minivault_19
D:4:      layout_rooms, serial_shops, nicolae_shop_pleasant_corner_grove, shop,
          kennysheep_mini_moat, shop, nicolae_shop_stone

Skill      XL: |  1  2  3  4  5 |
---------------+----------------+-----
Ranged Weapons | 3 4 5 6 |  6.3
Fighting       | 2 3 |  3.6
Armour         | 1 |  1.0
Dodging        | |  2.1
Spellcasting   | |  1.0
Hexes          | |  2.0

Action                     |  1- 3 |  4- 6 || total
---------------------------+-------+-------++-------
   Fire: Sling             |   108 |    94 ||   202
    Use: Potion            |     1 |     1 ||     2
         Scroll            |     3 |     7 ||    10
 Armour: Robe              |     2 |       ||     2
         Ring mail         |       |    20 ||    20
  Dodge: Dodged            |    25 |    49 ||    74

Table legend:
 A = Non-vault XP
 B = Vault XP
 C = Vault XP percentage of total XP
 D = Non-vault monster count
 E = Vault monster count
 F = Vault count percentage of total count
                 A         B        C        D         E       F
            +---------+---------+-------+---------+---------+-------
      Total |     441 |       1 |   0.2 |      70 |       1 |   1.4
            +---------+---------+-------+---------+---------+-------
        D:1 |      19 |       1 |   5.0 |      11 |       1 |   8.3
        D:2 |      66 |       0 |   0.0 |      24 |       0 |   0.0
        D:3 |      66 |       0 |   0.0 |      14 |       0 |   0.0
        D:4 |     290 |       0 |   0.0 |      21 |       0 |   0.0
            +---------+---------+-------+---------+---------+-------
